 Seeded DCSS version 0.30.1-8-g117510f58f (webtiles) character file.

Game seed: 6351066067085065685 (custom seed)

0 Esekla the Magician (level 1, 0/10 HPs)
             Began as a Deep Elf Wanderer on Sept 24, 2023.
             Slain by a ball python (1 damage)
             ... on level 1 of the Dungeon.
             The game lasted 00:01:27 (209 turns).

Esekla the Magician (Deep Elf Wanderer)              Turns: 209, Time: 00:01:28

Health: 0/10       AC:  2    Str: 11    XL:     1   Next: 8%
Magic:  7/7        EV: 10    Int: 17    God:
Gold:   0          SH:  3    Dex: 11    Spells: 6/8 levels left

rFire   . . .        a - +0 short sword
rCold   . . .        d - +0 buckler
rNeg    . . .        c - +0 robe
rPois   .            (no helmet)
rElec   .            (no cloak)
rCorr   .            (no gloves)
SInv    .            (no boots)
Will    .....        (no amulet)
Stlth   ++           (no ring)
HPRegen 0.21/turn    (no ring)
MPRegen 0.10/turn

%: no passive effects
@: no status effects
A: no striking features
a: no special abilities


You were on level 1 of the Dungeon.
You visited 1 branch of the dungeon, and saw 1 of its levels.

Inventory:

Hand Weapons
 a - a +0 short sword (weapon)
Armour
 c - a +0 robe (worn)
 d - a +0 buckler (worn)
Scrolls
 f - a scroll of fear {unknown}
 g - a scroll of identify {unknown}
Potions
 b - a potion of lignification
 e - a potion of ambrosia {unknown}
 h - a potion of heal wounds {unknown}


   Skills:
 + Level 1.2 Stealth
 + Level 1.5 Shields
 * Level 4.4 Spellcasting
 + Level 2.1 Translocations
 + Level 1.0 Invocations


You had 6 spell levels left.
You knew the following spells:

 Your Spells              Type           Power      Damage    Failure   Level
a - Magic Dart            Conj           12%        1d3       22%         1
p - Apportation           Tloc           22%        N/A       9%          1

Your spell library contained the following spells:

 Spells                   Type           Power      Damage    Failure   Level
 Blink                    Tloc           22%        N/A       14%         2
 Lesser Beckoning         Tloc           22%        N/A       14%         2
 Ignite Poison            Fire/Tmut/Pois 3%         N/A       54%         3
 Vampiric Draining        Necr           3%         2d6       54%         3


Dungeon Overview and Level Annotations

Branches:
Dungeon (1/15)

Altars:


Message History

The bat attacks as you move away! The bat closely misses you. The bat hits you.
You block the bat's attack. The goblin barely misses you.
The bat closely misses you. x2; The goblin closely misses you.
The ball python misses you. The ball python grabs you.
The ball python constricts you.
The ball python's grasp on you weakens, but your attempt to escape fails.
The bat hits you but does no damage. x2; The goblin barely misses you.
The frilled lizard bites you.
* * * LOW HITPOINT WARNING * * *
The ball python barely misses you. The ball python constricts you.
You escape the ball python's grasp.
The ball python attacks as you move away!
The ball python bites you.
* * * LOW HITPOINT WARNING * * *
The endoplasm quivers.
The bat closely misses you. The bat hits you but does no damage.
The ball python attacks as you move away!
You block the ball python's attack. x2; The bat hits you but does no damage. x3
The bat hits you.
* * * LOW HITPOINT WARNING * * *
The bat barely misses you. The bat hits you but does no damage.
The ball python closely misses you. The ball python grabs you.
The ball python constricts you.
You escape the ball python's grasp.
You block the bat's attack. The bat barely misses you. x2
The bat attacks as you move away! You block the bat's attack.
The bat attacks as you move away! The bat hits you but does no damage.
The ball python attacks as you move away!
The ball python closely misses you. The ball python completely misses you.
The bat closely misses you. The bat barely misses you.
The bat closely misses you. The bat barely misses you.
A ball python comes into view.
Found a stone staircase leading down.
The ball python hisses angrily.
The bat misses you. The ball python bites you.
* * * LOW HITPOINT WARNING * * *
The ball python barely misses you. The goblin barely misses you.
The ball python attacks as you move away!
The ball python bites you.
You die...

####+###.####.####
#........ #.####
###......# #....#
.....##..########..#
.......#............##
.........#.##########
.#.###......##
....J#.#...bb###
......#...S@..#
#...#..lg##......
#.[.J...####..S>
##........!.....
#.#.....### ..
#.#....## #......#
#.#....# ########


You could see an endoplasm, a goblin, 2 bats, 2 ball pythons and a frilled
lizard.

Vanquished Creatures
  A kobold (D:1)
1 creature vanquished.

Notes
Turn   | Place    | Note
-------+----------+-------------------------------------------
     0 | D:1      | Esekla the Deep Elf Wanderer began the quest for the Orb.
     0 | D:1      | Esekla set off with the following items: a +0 club, a
                  | potion of lignification, a +0 robe, a +0 buckler; and the
                  | following spells available to memorise: Apportation, Blink,
                  | Lesser Beckoning, Magic Dart, Ignite Poison, Vampiric
                  | Draining.
     0 | D:1      | Reached XP level 1. HP: 10/10 MP: 7/7
     2 | D:1      | Learned a level 1 spell: Magic Dart
     4 | D:1      | Learned a level 1 spell: Apportation
   209 | D:1      | Slain by a ball python

Illustrated notes

Levels and vault maps discovered:
D:1:      sevenhm_arrival_forest_fort_small_3, layout_rooms,
          chequers_serial_rivers_room_b, minmay_misc_feat_five

Action                     || total
---------------------------++-------
   Cast: Magic Dart        ||     3
         Apportation       ||     3
 Armour: Robe              ||    14
  Dodge: Dodged            ||    23
  Block: Buckler           ||     7
